 Dungeon Crawl Stone Soup version 0.23.2 (webtiles) character file.

Game seed: 567125434979135075

103 Borgoz the Sneak (level 4, 0/38 HPs)
             Began as a Ghoul Assassin on Apr 4, 2019.
             Slain by Sigmund
             ... wielding a +0 scythe
              (5 damage)
             ... on level 2 of the Dungeon.
             The game lasted 00:05:37 (2312 turns).

Borgoz the Sneak (Ghoul Assassin)                   Turns: 2312, Time: 00:05:38

Health: 0/38       AC: 11    Str: 14    XL:     4   Next: 79%
Magic:  3/3        EV:  4    Int:  6    God:
Gold:   16         SH:  0    Dex: 11    Spells: 3/3 levels left

rFire    . . .     SeeInvis .   b - +0 blowgun
rCold    + . .     Gourm    .   (no shield)
rNeg     + + +     Faith    .   i - +0 plate armour
rPois    ∞         Spirit   .   (no helmet)
rElec    .         Reflect  .   d - +0 cloak
rCorr    .         Harm     .   (no gloves)
MR       .....                  (no boots)
Stlth    ..........             (no amulet)
HPRegen  0.00/turn              (no ring)
MPRegen  0.08/turn              (no ring)

@: rotting
A: rotting body, claws 1, carnivore, cold resistance 1, negative energy
resistance 3, inhibited regeneration, torment resistance, unbreathing
a: no special abilities


You were on level 2 of the Dungeon.
You were not hungry.

You visited 1 branch of the dungeon, and saw 2 of its levels.

You collected 16 gold pieces.

Inventory:

Hand Weapons
 a - a +2 dagger
 b - a +0 blowgun (weapon)
Missiles
 e - 3 poisoned needles (quivered)
 f - 2 curare-tipped needles
 q - 2 tomahawks
Armour
 c - a +0 robe
 d - a +0 cloak (worn)
 i - a +0 plate armour (worn)
 k - a +2 pair of gloves
Scrolls
 h - a scroll of fear {unknown}
 m - a scroll of teleportation {unknown}
 n - a scroll of amnesia {unknown}
 o - 2 scrolls of remove curse {unknown}
 p - a scroll of enchant weapon {unknown}
Potions
 j - a potion of berserk rage {unknown}
Comestibles
 g - 3 rations
 l - 6 chunks of flesh


   Skills:
 + Level 3.0 Fighting
 * Level 2.4 Short Blades
 - Level 2.3 Throwing
 * Level 1.5 Armour
 * Level 1.0 Dodging
 + Level 5.0 Stealth
 + Level 0.0 Spellcasting


You had 3 spell levels left.
You didn't know any spells.
Your spell library was empty.

Dungeon Overview and Level Annotations

Branches:
Dungeon (2/15)

Altars:

Annotations:
D:2 Sigmund


Innate Abilities, Weirdness & Mutations

Your body is rotting away.
You thrive on raw meat.
You are immune to poison.
You have sharp fingernails.
You are carnivorous and can eat meat at any time.
Your flesh is cold resistant. (rC+)
You are immune to negative energy. (rN+++)
You do not regenerate when monsters are visible.
You are immune to unholy pain and torment.
You can survive without breathing.


Message History

Sigmund looks even sicker.
Firing (i - inventory. (/) - cycle)
e - 6 poisoned needles (quivered)
Press: ? - help, Shift-Dir - straight line, f/p - Sigmund
Aim: Sigmund, wielding a +0 scythe and wearing a +0 robe of fire resistance (poisoned)
You shoot a poisoned needle.
The poisoned needle barely misses Sigmund.
Sigmund hits you from afar with a +0 scythe!
* * * LOW HITPOINT WARNING * * *
Firing (i - inventory. (/) - cycle)
e - 5 poisoned needles (quivered)
Press: ? - help, Shift-Dir - straight line, f/p - Sigmund
Aim: Sigmund, wielding a +0 scythe and wearing a +0 robe of fire resistance (poisoned)
You shoot a poisoned needle.
The poisoned needle closely misses Sigmund.
Firing (i - inventory. (/) - cycle)
e - 4 poisoned needles (quivered)
Press: ? - help, Shift-Dir - straight line, f/p - Sigmund
Aim: Sigmund, wielding a +0 scythe and wearing a +0 robe of fire resistance (poisoned)
You shoot a poisoned needle. The poisoned needle hits Sigmund.
Sigmund looks even sicker.
Sigmund hits you from afar with a +0 scythe.
You die...

#.
###.###
..... #?
#.# #....
#. #.#
#.... #.
#.# .....
#. #.#
####
#.####.#
#......#
##..#####
#..@#
#..†#
#.@.#
#.#.#
#(#.#
#.#.#
#.#.# #>.


You could see Sigmund.

Vanquished Creatures
  Jessica (D:2)
  2 adders (D:2)
  An ooze (D:2)
  A worm (D:2)
  A leopard gecko (D:1)
  A bat (D:1)
  9 giant cockroaches
  3 goblins
  4 hobgoblins
  5 jackals (D:1)
  2 quokkas (D:2)
  2 frilled lizards (D:2)
  5 kobolds
  12 rats
49 creatures vanquished.

Notes
Turn   | Place    | Note
-------+----------+-------------------------------------------
     0 | D:1      | Borgoz the Ghoul Assassin began the quest for the Orb.
     0 | D:1      | Reached XP level 1. HP: 17/17 MP: 0/0
     1 | D:1      | Found a runed translucent door.
    71 | D:1      | Reached skill level 1 in Dodging
   204 | D:1      | Reached XP level 2. HP: 20/25 MP: 1/1
   763 | D:1      | Reached XP level 3. HP: 12/30 MP: 2/2
  2117 | D:2      | Reached skill level 5 in Stealth
  2117 | D:2      | Reached XP level 4. HP: 28/38 MP: 3/3
  2188 | D:2      | Noticed Jessica
  2197 | D:2      | Killed Jessica
  2197 | D:2      | Reached skill level 1 in Armour
  2297 | D:2      | Noticed Sigmund
  2312 | D:2      | Slain by Sigmund

Skill      XL: |  1  2  3  4 |
---------------+-------------+-----
Dodging        | 1 |  1.0
Short Blades   | 2 |  2.4
Throwing       | 2 |  2.3
Fighting       | 3 |  3.0
Stealth        | 5 |  5.0
Armour         | 1 |  1.5

Action                   |  1- 3 |  4- 6 || total
-------------------------+-------+-------++-------
Melee: Dagger            |   182 |    68 ||   250
 Fire: Blowgun           |       |     5 ||     5
  Use: Potion            |     7 |       ||     7
 Stab: Sleeping          |     1 |       ||     1
  Eat: Chunk             |     4 |     3 ||     7
       Ration            |     1 |       ||     1
Armor: Robe              |    37 |       ||    37
       Plate armour      |    17 |    55 ||    72
Dodge: Dodged            |    72 |    11 ||    83
